 Dungeon Crawl Stone Soup version 0.31-a0-997-g9a2f3ffc92 (webtiles) character file.

Game seed: 16399215123652301285

23923 kae the Mimic (level 12, -8/190 HPs)
             Began as a White Draconian Shapeshifter on Nov 7, 2023.
             Was an Elder of Ru.
             Mangled by a spriggan rider
             ... wielding the +3 trident of Foolhardiness {flame, rN++}
              (17 damage)
             ... on level 12 of the Dungeon.
             The game lasted 00:14:24 (15176 turns).

kae the Mimic (White Draconian Shapeshifter)       Turns: 15176, Time: 00:14:25

Health: -8/190     AC: 10    Str: 22    XL:     12   Next: 76%
Magic:  10/10      EV: 15    Int: 10    God:    Ru [****..]
Gold:   883        SH:  0    Dex: 22    Spells: 11/11 levels left

rFire   . .          .
                       - Unarmed
rCold   . . .        (shield currently unavailable)
rNeg    . . .        (body armour unavailable)
rPois   .            (helmet currently unavailable)
rElec   .            r - melded +2 cloak
rCorr   +            (gloves currently unavailable)
SInv    .            (boots currently unavailable)
Will    .....        (no amulet) Stlth
                     D - +6 ring of dexterity
HPRegen 0.51/turn    R - ring of resist corrosion
MPRegen 0.12/turn

%: no passive effects
@: berserking, exhausted, snake-form, very quick
A: constrict, boosted hp, (breathe frost), AC +8, large, unfitting armour, (cold
resistance 1), low MP 1, (cold-blooded), inability to use devices, no earth
magic, no hexes magic, no translocations magic
a: Begin Untransformation, Renounce Religion, Draw Out Power, Power Leap


You were on level 12 of the Dungeon.
You worshipped Ru.
Ru was greatly pleased with you.
You were an enormous anaconda.
You visited 2 branches of the dungeon, and saw 13 of its levels.
You also visited: Bailey.

You collected 909 gold pieces.
You spent 26 gold pieces at shops.


Innate Abilities, Weirdness & Mutations

You are an enormous anaconda.
You have a powerful constriction melee attack.
Your maximum health is increased.
Your armour is entirely melded.
You are incapable of wielding weapons or throwing items.
((You can breathe waves of freezing cold which knock back foes.))
((Your icy white scales are hard. (AC +8)))
You cannot fit into any form of body armour.
((Your flesh is cold resistant. (rC+)))
Your magical capacity is low. (-10% MP)
((You are cold-blooded and may be slowed by cold attacks.))
You cannot study or use magical devices.
You cannot study or cast Earth magic.
You cannot study or cast Hexes magic.
You cannot study or cast Translocations magic.


   Skills:
 - Level 10.0 Fighting
 - Level 8.0 Dodging
 + Level 12.5 Unarmed Combat
 + Level 12.6 Shapeshifting


You had 11 spell levels left.
You didn't know any spells.
Your spell library contained the following spells:

 Spells                   Type           Power      Damage    Failure   Level
 Magic Dart               Conj           0%         1d3       36%         1
 Call Imp                 Summ           0%         N/A       50%         2
 Call Canine Familiar     Summ           0%         N/A       75%         3
 Frozen Ramparts          Ice            0%         1d1       75%         3
 Mephitic Cloud           Conj/Pois/Air  0%         N/A       75%         3
 Ozocubu's Armour         Ice            0%         N/A       75%         3
 Swiftness                Air            0%         N/A       75%         3
 Animate Dead             Necr           0%         N/A       98%         4
 Flame Wave               Conj/Fire      0%         2d4       98%         4
 Olgreb's Toxic Radiance  Pois           0%         N/A       98%         4
 Sticky Flame             Conj/Fire      0%         2d3       98%         4
 Summon Lightning Spire   Summ/Air       0%         N/A       98%         4
 Alistair's Intoxication  Tmut/Pois      0%         N/A       100%        5
 Iskenderun's Battlesphe  Conj           0%         2d6       100%        5
 Simulacrum               Ice/Necr       0%         N/A       100%        6
 Haunt                    Necr/Summ      0%         N/A       100%        7
 Spellforged Servitor     Conj/Summ      0%         N/A       100%        7
 Borgnjor's Revivificati  Necr           0%         N/A       100%        8
 Ignition                 Fire           0%         3d3       100%        8
 Infestation              Necr           0%         N/A       100%        8
 Death's Door             Necr           0%         N/A       100%        9
 Apportation              Tloc           Unusable   N/A       N/A         1
 Ensorcelled Hibernation  Hex/Ice        Unusable   N/A       N/A         2
 Jinxbite                 Hex            Unusable   N/A       N/A         2
 Passwall                 Tmut/Erth      Unusable   N/A       N/A         2
 Inner Flame              Hex/Fire       Unusable   N/A       N/A         3
 Sigil of Binding         Hex            Unusable   N/A       N/A         3
 Tukima's Dance           Hex            Unusable   N/A       N/A         3
 Animate Armour           Summ/Erth      Unusable   N/A       N/A         4
 Dimensional Bullseye     Hex/Tloc       Unusable   N/A       N/A         4
 Iskenderun's Mystic Bla  Conj/Tloc      Unusable   2d3       N/A         4
 Leda's Liquefaction      Hex/Erth       Unusable   N/A       N/A         4
 Passage of Golubria      Tloc           Unusable   N/A       N/A         4
 Petrify                  Tmut/Erth      Unusable   N/A       N/A         4
 Lee's Rapid Deconstruct  Erth           Unusable   3d4*      N/A         5
 Metabolic Englaciation   Hex/Ice        Unusable   N/A       N/A         5
 Yara's Violent Unravell  Hex/Tmut       Unusable   3d3       N/A         5
 Bombard                  Conj/Erth      Unusable   9d1       N/A         6
 Discord                  Hex            Unusable   N/A       N/A         8

Inventory:

Hand Weapons
 s - the +8 trishula "Condemnation" {holy, anguish, *Noise Fly rN+}
   (You found it on level 9 of the Dungeon)

   rN+:       It protects you from negative energy.
   Fly:       It grants you flight.
   *Noise:    It may make a loud noise when swung.
Missiles
 h - 86 stones
 i - a curare-tipped dart {=f}
 k - 2 throwing nets {=f!f}
 o - 36 poisoned darts
 w - 7 javelins
 B - 4 boomerangs
 F - 4 silver javelins
Armour
 r - a +2 cloak (melded)
   (You found it on level 3 of the Dungeon)
Magical Staves
 p - a staff of death {!a}
   (You found it on level 5 of the Dungeon)
Jewellery
 y - the ring of Oliufema {Ice Drain Will+++ rCorr Stlth-}
   (You found it on level 5 of the Dungeon)

   [ring of ice]

   Ice:       It enhances your ice magic.
   rF-:       It makes you vulnerable to fire.
   rC+:       It protects you from cold.
   Will+++:   It greatly increases your willpower.
   rCorr:     It protects you from acid and corrosion.
   Drain:     It drains your maximum health when unequipped.
   Stlth-:    It makes you less stealthy.
 C - a ring of ice
   (You found it on level 8 of the Dungeon)
 D - a +6 ring of dexterity (left hand)
   (You found it on level 2 of the Dungeon)
 R - a ring of resist corrosion (right hand)
   (You found it on level 5 of the Dungeon)
 W - a ring of magical power
   (You found it on level 6 of the Dungeon)
Talismans
 b - a beast talisman
 c - a flux talisman
 v - a serpent talisman (active)
   (You found it on level 4 of the Dungeon)
Wands
 a - a wand of paralysis (12)
   (You took it off Pikel on level 6 of the Dungeon)
 g - a wand of polymorph (6)
   (You found it on level 9 of the Dungeon)
 q - a wand of mindburst (17)
   (You found it on level 3 of the Dungeon)
 u - a wand of digging (9)
   (You found it on level 4 of the Dungeon)
 J - a wand of flame (5)
   (You found it on level 10 of the Dungeon)
Scrolls
 e - 7 scrolls of teleportation {@r4}
 l - a scroll of vulnerability {!r!r}
 t - a scroll of enchant armour
 E - 2 scrolls of identify {@r1}
 G - a scroll of immolation {!r!r}
 H - a scroll of revelation
 I - a scroll of poison {!r}
 M - a scroll of butterflies
 O - a scroll of torment {!r}
 P - a scroll of brand weapon
Potions
 d - 4 potions of haste {@q3}
 f - 2 potions of might
 j - 4 potions of heal wounds {@q2}
 m - 3 potions of attraction {!q}
 n - 3 potions of mutation {!q}
 x - a potion of brilliance
 z - 2 potions of curing {@q1}
 A - a potion of berserk rage {!q}
 K - a potion of enlightenment
 L - a potion of resistance
 N - a potion of cancellation {unknown}

Dungeon Overview and Level Annotations

Branches:
Dungeon (12/15) Zot: 25523  Temple (1/1) D:4 Zot: 5972    Lair (0/5) D:8
    Orc (0/2) D:12         Bailey (visited)

Altars:
Ashenzari
Cheibriados
Dithmenos
Elyvilon
Fedhas
Gozag
Hepliaklqana
Kikubaaqudgha
Makhleb
Nemelex Xobeh
Okawaru
Qazlal
Ru
Sif Muna
Trog
Uskayaw
Vehumet
Wu Jian
Xom
Yredelemnul
Zin
The Shining One

Shops:
D:2 ?   D:3 (   D:10 =   D:11 *[

Annotations:
D:2 1 runed translucent door, Crazy Yiuf
D:3 Sigmund
D:12 4 runed translucent doors

########
###########......#
####...........####.#
##.##.########### #.#
#........SiiiO{.####.####
##.##.########eT........##
#.##.# ##.#..#....).
#.##.# #.i......... #.##.#
##⌠...⌠##### #....#
♣$###i###.♣#. ####.##
♣?♣......♣♣## #..#
♣♣...♣...♣ #. #..#
♣.♣.!..♣♣ #<


You could see a spriggan rider, a two-headed ogre (summoned), a deep elf
pyromancer (summoned), a troll (summoned) and 2 spriggans.


Message History

Roinetu's ghost hits you. 😕 HP[-3]
You take 3 damage, and now have 114/127 hp. 😕 HP[+1] 😕 HP[+1] Roinetu's ghost whispers, "You will understand me better in a moment."
Roinetu's ghost mumbles some strange words.
Roinetu's ghost radiates an aura of cold.
You feel yourself slow down.
The spriggan rider is no longer blind.
Roinetu's ghost gestures at you while chanting.
The blast of sand hits you but does no damage. 😕 HP[+1]
Okay, then.
Okay, then.
The spriggan rider hits you from afar with the +3 trident of Foolhardiness {flame, rN++}!
The spriggan rider burns you. 😕 HP[-15]
You take 15 damage, and now have 102/127 hp.
You hit Roinetu's ghost.
Roinetu's ghost hits you but does no damage.
The spriggan rider barely misses you.
Roinetu's ghost barely misses you. 😕 HP[+1]
You body-slam Roinetu's ghost!!
The spriggan rider barely misses you.
Roinetu's ghost hits you but does no damage.
You closely miss Roinetu's ghost.
The spriggan rider hits you from afar with the +3 trident of Foolhardiness {flame, rN++}.
The spriggan rider burns you.
Roinetu's ghost hits you but does no damage. 😕 HP[-5]
You take 5 damage, and now have 98/127 hp.
You miss Roinetu's ghost.
The spriggan rider hits you from afar with the +3 trident of Foolhardiness {flame, rN++}!
The spriggan rider burns you.
Roinetu's ghost begins to cast a spell, but is stunned by your conviction! 😮 HP[-16]
You take 16 damage, and now have 82/127 hp.
Okay, then.
You are restored by drawing out deep reserves of power within.
You feel drained.
The spriggan rider hits you from afar with the +3 trident of Foolhardiness {flame, rN++}!!
The spriggan rider burns you!
Roinetu's ghost says, "Destruction is an occupation beyond life."
Roinetu's ghost hits you. The spriggan rider misses you.
Roinetu's ghost hits you but does no damage. 😮 HP[-11]
You now have 120 max hp (-7).
You take 11 damage, and now have 71/120 hp.
Okay, then.
A red film seems to cover your vision as you go berserk!
You feel yourself moving faster!
You feel mighty! The spriggan rider barely misses you.
Roinetu's ghost grins evilly.
Roinetu's ghost gestures at you while chanting.
The stone arrow hits you!!
* * * LOW HITPOINT WARNING * * *
😨 HP[+1]
You now have 180 max hp (+60).
You body-slam Roinetu's ghost!!
You hear some strange, mumbled words.
You hear an angry growl.
You barely miss Roinetu's ghost.
The spriggan rider hits you from afar with the +3 trident of Foolhardiness {flame, rN++}!!
* * * LOW HITPOINT WARNING * * *
The spriggan rider burns you!
* * * LOW HITPOINT WARNING * * *
Roinetu's ghost hits you.
* * * LOW HITPOINT WARNING * * *
😱 HP[-30]
You take 30 damage, and now have 42/180 hp.
Unknown command.
You body-slam Roinetu's ghost!!
You hear some strange, mumbled words.
The spriggan rider hits you from afar with the +3 trident of Foolhardiness {flame, rN++}!
* * * LOW HITPOINT WARNING * * *
The spriggan rider burns you.
* * * LOW HITPOINT WARNING * * *
😱 HP[-10]
You take 10 damage, and now have 32/180 hp.
You lash Roinetu's ghost!
Roinetu's ghost hits you but does no damage.
You lash Roinetu's ghost!
The spriggan rider hits you from afar with the +3 trident of Foolhardiness {flame, rN++}!!
* * * LOW HITPOINT WARNING * * *
The spriggan rider burns you.
* * * LOW HITPOINT WARNING * * *
Unknown command. 😱 HP[-19]
You take 19 damage, and now have 13/180 hp.
You lash Roinetu's ghost! Roinetu's ghost hits you.
* * * LOW HITPOINT WARNING * * *
😱 HP[-5]
You take 5 damage, and now have 8/180 hp.
You body-slam Roinetu's ghost!!
You destroy Roinetu's ghost!
Your life force feels restored. 😱 HP[+1]
You now have 190 max hp (+10).
Unknown command.
The spriggan rider hits you with the +3 trident of Foolhardiness {flame, rN++}!
You die...

Skill      XL: |  1  2  3  4  5  6  7  8  9 10 11 12 |
---------------+-------------------------------------+-----
Shapeshifting  | 4 5 6 7 9 11 12 | 12.6
Unarmed Combat | 4 5 6 7 9 10 12 | 12.5
Fighting       | 3 8 10 | 10.0
Dodging        | 3 8 |  8.0

Action                     |  1- 3 |  4- 6 |  7- 9 | 10-12 || total
---------------------------+-------+-------+-------+-------++-------
  Melee: Unarmed           |    72 |   165 |   258 |   483 ||   978
         Tailslap          |     9 |    27 |    28 |       ||    64
         Punch             |     1 |     8 |       |       ||     9
         Constrict         |       |       |    28 |   106 ||   134
 Invoke: Sacrifice Arcana  |       |       |     1 |       ||     1
         Sacrifice Artific |       |       |       |     1 ||     1
         Draw Out Power    |       |       |       |     3 ||     3
         Sacrifice Essence |       |       |       |     1 ||     1
Ability: Breathe Frost     |       |       |     5 |       ||     5
  Evoke: Wand              |       |     3 |     5 |       ||     8
    Use: Scroll            |       |     4 |     8 |    16 ||    28
         Potion            |       |     1 |     5 |     1 ||     7
   Stab: Sleeping          |     2 |     4 |       |     5 ||    11
         Distracted        |       |       |       |     4 ||     4
         Invisible         |       |       |       |     3 ||     3
         Confused          |       |       |       |     1 ||     1
 Armour: Skin              |    30 |    86 |   213 |   396 ||   725
  Dodge: Dodged            |    32 |    88 |   143 |   330 ||   593
   Form: Flux              |       |     1 |       |       ||     1
         Anaconda          |       |       |     1 |       ||     1

Levels and vault maps discovered:
D:1:      elethiomel_arrival_shortcut, layout_basic, minmay_pentomino_z4
D:2:      layout_loops_ring, basic_altar, serial_shops, nicolae_shop_rolled_up,
          serial_aquarium, aquarium_bridge_long_separate
          [aquarium_subvault_bridge, aquarium_subvault_wall,
          aquarium_subvault_bridge, aquarium_subvault_window,
          aquarium_subvault_bridge, aquarium_subvault_bridge],
          aquarium_window_1, aquarium_window_fake, aquarium_window_1,
          aquarium_view_2b, uniq_crazy_yiuf_cottage, uniq_jessica
D:3:      minmay_wonky_spiral, layout_loops_ring, serial_shops, shop,
          uniq_terence, uniq_sigmund
D:4:      layout_basic, minmay_temple_entry_statues, dk_rats_in_the_wall
D:5:      layout_basic
D:6:      layout_gridville, minmay_fountain_box, uniq_pikel, uniq_edmund,
          uniq_jeremiah
D:7:      layout_basic, uniq_maggie
D:8:      nicolae_BIG_FREAKIN_CUBE, layout_cave_pools, lair_entry_dummy,
          serial_column_ruins, column_ruins_hut_ruined, column_ruins_hut,
          column_ruins_open_small, column_ruins_columns_straight,
          column_ruins_open_small, dreamdust_mushroom_princess
D:9:      layout_loops_ring, elyvilon_altar_1, enter_bailey_2,
          grunt_decor_arrowhead
D:10:     cheibrodos_grave_circle, layout_basic, serial_shops,
          nicolae_shop_pleasant_corner_grove, serial_aquarium,
          aquarium_bridge_straight [aquarium_subvault_bridge,
          aquarium_subvault_wall, aquarium_subvault_bridge,
          aquarium_subvault_wall], aquarium_window_2, aquarium_window_fake,
          aquarium_view_2a, aquarium_view_2g, aquarium_balcony_3a,
          aquarium_pool_2, nicolae_where_there's_smoke
D:11:     layout_irregular_city, serial_shops,
          nicolae_shop_pleasant_corner_grove, hellmonk_ghost_big_iron,
          nicolae_transmutations_shop, grunt_gozag_breadcrumbs
D:12:     layout_loops_ring, david_orc_5, ebering_ghost_funeral_grove,
          nicolae_guarded_unrand_storm_shield, uniq_erolcha, uniq_lodul
Temple:   mainiacjoe_temple_hex_bubbles

Notes
Turn   | Place    | Note
-------+----------+-------------------------------------------
     0 | D:1      | kae the Draconian Shapeshifter began the quest for the Orb.
     0 | D:1      | Reached XP level 1. HP: 16/16 MP: 1/1
     0 | D:1      | magus.rc [v1.11.3]
    66 | D:1      | Reached XP level 2. HP: 14/23 MP: 2/2
   801 | D:1      | Reached XP level 3. HP: 17/28 MP: 3/3
  1020 | D:2      | Found a runed translucent door.
  1021 | D:2      | Noticed Crazy Yiuf
  1038 | D:2      | Noticed Jessica
  1043 | D:2      | Killed Jessica
  1044 | D:2      | Reached skill level 4 in Shapeshifting
  1044 | D:2      | Reached XP level 4. HP: 24/35 MP: 4/4
  1235 | D:2      | You add the spells Tukima's Dance, Passage of Golubria and
                  | Yara's Violent Unravelling to your library.
  1333 | D:2      | Found an ancient bone altar of Kikubaaqudgha.
  1493 | D:2      | You pick up a book of Flames and begin reading...
  1493 | D:2      | You add the spells Inner Flame, Sticky Flame and Flame Wave
                  | to your library.
  1786 | D:2      | Found Leoqourph's Magic Scroll Boutique.
  1789 | D:2      | Bought a scroll of identify for 26 gold pieces
  2038 | D:3      | Reached skill level 4 in Unarmed Combat
  2040 | D:3      | You pick up a book of Sloth and begin reading...
  2040 | D:3      | You add the spells Frozen Ramparts, Petrify and Metabolic
                  | Englaciation to your library.
  2241 | D:3      | Noticed Terence
  2259 | D:3      | Killed Terence
  2260 | D:3      | Reached XP level 5. HP: 32/40 MP: 5/5
  2264 | D:3      | Found Mitoteh's Weapon Boutique.
  2516 | D:3      | Noticed Sigmund
  2927 | D:4      | Reached skill level 5 in Shapeshifting
  3429 | D:4      | Found a staircase to the Ecumenical Temple.
  3429 | D:4      | Noticed a black bear
  3437 | D:4      | Killed a black bear
  3438 | D:4      | Reached XP level 6. HP: 36/47 MP: 6/6
  3444 | Temple   | Entered the Ecumenical Temple
  3462 | Temple   | Became a worshipper of Ru the Awakened
  3486 | D:5      | Entered Level 5 of the Dungeon
  3500 | D:5      | HP: 8/40 [ogre/+0 giant club (32)]
  3526 | D:5      | Noticed a water moccasin
  3539 | D:4      | Killed a water moccasin
  3540 | D:4      | Reached skill level 5 in Unarmed Combat
  3540 | D:4      | Reached skill level 6 in Shapeshifting
  3568 | D:5      | Your scales start taking on an icy white colour.
  3568 | D:5      | Reached XP level 7. HP: 48/52 MP: 7/7
  3568 | D:5      | Gained mutation: Your flesh is cold resistant. (rC+) [White
                  | Draconian growth]
  3577 | D:5      | Identified the ring of Oliufema {Ice Drain Will+++ rCorr
                  | Stlth-}
  3664 | D:5      | HP: 9/49 [orc wizard/puff of flame (4)]
  3669 | D:5      | HP: 11/49 [poisoned by a scorpion]
  3939 | D:5      | You pick up a book of Burglary and begin reading...
  3939 | D:5      | You add the spells Passwall, Ensorcelled Hibernation and
                  | Swiftness to your library.
  4207 | D:5      | Reached skill level 7 in Shapeshifting
  4568 | D:6      | Noticed Edmund
  4580 | D:6      | Killed Edmund
  4581 | D:6      | Reached skill level 6 in Unarmed Combat
  4722 | D:6      | Reached XP level 8. HP: 40/59 MP: 8/8
  4854 | D:6      | Reached skill level 8 in Shapeshifting
  4954 | D:6      | Noticed Pikel
  5306 | D:6      | Noticed Jeremiah
  5912 | D:6      | Killed Jeremiah
  5913 | D:6      | Reached skill level 7 in Unarmed Combat
  6080 | D:6      | HP: 13/62 [Pikel/+1 whip of electrocution (11)]
  6081 | D:6      | Paralysed by Pikel for 3 turns
  6085 | D:6      | Killed Pikel
  6086 | D:6      | Reached skill level 9 in Shapeshifting
  6086 | D:6      | Reached XP level 9. HP: 17/64 MP: 9/9
  6549 | D:7      | Gained mutation: You cannot study or cast Earth magic. [Ru
                  | sacrifice]
  6549 | D:7      | Gained mutation: You cannot study or cast Hexes magic. [Ru
                  | sacrifice]
  6549 | D:7      | Gained mutation: You cannot study or cast Translocations
                  | magic. [Ru sacrifice]
  6549 | D:7      | Reached * piety under Ru
  6647 | D:7      | HP: 18/75 [killer bee (1)]
  6652 | D:7      | HP: 8/75 [killer bee (2)]
  6844 | D:7      | Reached skill level 8 in Unarmed Combat
  6844 | D:7      | Reached skill level 10 in Shapeshifting
  7010 | D:7      | Noticed Maggie
  7022 | D:7      | Killed Maggie
  7299 | D:7      | HP: 14/78 [wight/+0 falchion (8)]
  7682 | D:8      | Found a staircase to the Lair.
  7687 | D:8      | Reached skill level 2 in Fighting
  7711 | D:8      | HP: 15/81 [yak (12)]
  7715 | D:8      | Reached skill level 3 in Fighting
  7715 | D:8      | Reached skill level 11 in Shapeshifting
  7718 | D:8      | Reached skill level 9 in Unarmed Combat
  7718 | D:8      | Reached XP level 10. HP: 15/77 MP: 10/10
  8051 | D:8      | You pick up a book of Power and begin reading...
  8051 | D:8      | You add the spells Iskenderun's Battlesphere and
                  | Spellforged Servitor to your library.
  8057 | D:8      | You pick up a book of the Hunter and begin reading...
  8060 | D:8      | Noticed a two-headed ogre
  8084 | D:8      | Killed a two-headed ogre
  8085 | D:8      | Reached skill level 4 in Fighting
  8299 | D:8      | Reached skill level 5 in Fighting
  8394 | D:8      | Paralysed by a hornet for 3 turns
  8841 | D:9      | Found a flagged portal.
  8842 | D:9      | Found the +8 trishula "Condemnation" {holy, anguish, *Noise
                  | Fly rN+}
  8850 | D:9      | Identified the +3 spear of Purpose {flame, Str+4}
  8857 | Bailey   | Entered a bailey
  8966 | Bailey   | Reached skill level 10 in Unarmed Combat
  8969 | Bailey   | Reached skill level 6 in Fighting
  9234 | Bailey   | Reached skill level 7 in Fighting
  9287 | Bailey   | Noticed an orc knight
  9287 | Bailey   | Identified a +0 crystal plate armour
  9287 | Bailey   | Noticed an orc knight
  9293 | Bailey   | HP: 19/103 [orc warrior/+0 trident (14)]
  9486 | D:9      | Reached skill level 2 in Dodging
  9949 | D:9      | You pick up a book of Minor Magic and begin reading...
  9949 | D:9      | You add the spells Magic Dart, Call Imp and Mephitic Cloud
                  | to your library.
 10072 | D:9      | Noticed a two-headed ogre
 10079 | D:9      | Killed a two-headed ogre
 10080 | D:9      | Reached skill level 8 in Fighting
 10080 | D:9      | Reached skill level 3 in Dodging
 10173 | D:9      | You pick up a book of Party Tricks and begin reading...
 10243 | D:9      | Noticed a two-headed ogre
 10244 | D:9      | Gained mutation: You cannot study or use magical devices.
                  | [Ru sacrifice]
 10244 | D:9      | Reached ** piety under Ru
 10244 | D:9      | Reached *** piety under Ru
 10248 | D:9      | Killed a two-headed ogre
 10249 | D:9      | Reached XP level 11. HP: 95/95 MP: 11/11
 10282 | D:9      | Found a white marble altar of Elyvilon.
 10317 | D:9      | Reached skill level 4 in Dodging
 10450 | D:10     | Entered Level 10 of the Dungeon
 10471 | D:10     | Reached skill level 9 in Fighting
 10585 | D:10     | Reached skill level 5 in Dodging
 10673 | D:10     | You pick up a book of Death and begin reading...
 10673 | D:10     | You add the spells Animate Dead, Haunt and Infestation to
                  | your library.
 10878 | D:10     | Found Nuowuc's Jewellery Emporium.
 10937 | D:10     | HP: 28/117 [hellwing (2)]
 10937 | D:10     | HP: 11/117 [hellwing (8)]
 10937 | D:10     | HP: 2/117 [hellwing (9)]
 11285 | D:10     | Reached skill level 10 in Fighting
 11285 | D:10     | Reached skill level 6 in Dodging
 11490 | D:10     | Reached skill level 7 in Dodging
 11562 | D:10     | You add the spells Olgreb's Toxic Radiance and Ignition to
                  | your library.
 11689 | D:10     | You pick up a book of Winter and begin reading...
 11689 | D:10     | You add the spells Ozocubu's Armour and Simulacrum to your
                  | library.
 11749 | D:10     | Reached skill level 8 in Dodging
 11830 | D:10     | You add the spells Borgnjor's Revivification and Death's
                  | Door to your library.
 12131 | D:11     | Reached XP level 12. HP: 106/106 MP: 12/12
 12289 | D:11     | Found Hylukum's Changing Room.
 12403 | D:11     | Found a runed translucent door.
 12403 | D:11     | Noticed bmj180's ghost (journeyman HuCj)
 12581 | D:11     | You pick up a book of Weapons and begin reading...
 12687 | D:11     | Noticed a boulder beetle
 12700 | D:11     | Killed a boulder beetle
 12811 | D:11     | Found an opulent altar of Gozag.
 12866 | D:11     | Reached skill level 11 in Unarmed Combat
 13053 | D:11     | Found Owekh's Armour Shoppe.
 13441 | D:11     | Killed bmj180's ghost
 13515 | D:11     | You pick up a book of Iron and begin reading...
 13902 | D:12     | Found a runed translucent door.
 13908 | D:12     | Noticed a spark wasp
 13909 | D:12     | Found a runed translucent door.
 13909 | D:12     | Noticed a storm dragon
 13909 | D:12     | Found the +5 Storm Queen's Shield {shock, Fly rElec}
 13932 | D:12     | Found a runed translucent door.
 14081 | D:12     | Noticed Lodul
 14089 | D:12     | Killed Lodul
 14090 | D:12     | Reached skill level 12 in Shapeshifting
 14181 | D:12     | Found a staircase to the Orcish Mines.
 14186 | D:12     | Noticed Erolcha
 14186 | D:12     | Identified the +4 trident of the Mouth {freeze, Dex+4 SInv}
 14204 | D:12     | Reached skill level 12 in Unarmed Combat
 14217 | D:12     | Gained mutation: Your magical capacity is low. (-10% MP)
                  | [Ru sacrifice]
 14217 | D:12     | Reached **** piety under Ru
 14246 | D:12     | HP: 22/120 [Erolcha/+0 giant spiked club (31)]
 14249 | D:12     | Killed Erolcha
 14634 | D:12     | Found a runed translucent door.
 14636 | D:12     | Noticed Roinetu's ghost (journeyman DjEE)
 14636 | D:12     | Identified the +3 trident of Foolhardiness {flame, rN++}
 14898 | D:12     | Found a runed translucent door.
 15166 | D:12     | Noticed a two-headed ogre
 15170 | D:12     | HP: 45/180 [spriggan rider/the +3 trident of Foolhardiness
                  | {flame, rN++} (8)]
 15173 | D:12     | HP: 14/180 [spriggan rider/the +3 trident of Foolhardiness
                  | {flame, rN++} (18)]
 15175 | D:12     | Killed Roinetu's ghost
 15176 | D:12     | Mangled by a spriggan rider

Vanquished Creatures
  The ghost of Roinetu the Thaumaturge, a journeyman DjEE of Makhleb (D:12)
  Erolcha (D:12)
  The ghost of bmj180 the Destroyer, a journeyman HuCj of Sif Muna (D:11)
  A boulder beetle (D:11)
  3 two-headed ogres
  Lodul (D:12)
  Pikel (D:6)
  2 wolf spider zombies (D:10)
  3 ugly things (D:12)
  3 cyclopes
  2 rust devils (D:10)
  A smoke demon (D:10)
  4 centaur zombies (D:10)
  2 gargoyles
  Jeremiah (D:6)
  Maggie (D:7)
  An unseen horror (D:11)
  A redback zombie (D:10)
  A red devil (D:10)
  3 trolls
  3 hellwings (D:10)
  A hornet (D:8)
  A shadow (D:11)
  A vampire (D:9)
  2 wraiths (D:12)
  A wyvern (D:11)
  A ynoxinul (D:11)
  23 yaks
  A steam dragon (D:7)
  2 vampire mosquitoes (D:12)
  Edmund (D:6)
  2 water moccasins
  2 sky beasts
  14 orc warriors
  2 black bears
  10 ogres
  2 centaurs
  3 lemures (D:6)
  2 kobold brigands
  A gnoll sergeant (D:11)
  A scorpion (D:5)
  A jelly (D:7)
  9 wights
  10 killer bees
  3 howler monkeys
  4 hounds
  5 orc priests
  A gnoll bouda (D:7)
  Jessica (D:2)
  Terence (D:3)
  4 iguanas
  A sleepcap (D:5)
  A boggart zombie (D:10)
  7 orc wizards
  9 gnolls
  9 adders
  6 shadow imps
  A white imp (D:6)
  4 ufetubi
  3 worms
  2 dart slugs
  45 orcs
  5 ball pythons
  5 endoplasms
  2 giant cockroaches
  9 goblins
  4 hobgoblins
  12 jackals
  12 kobolds
  A quokka (D:4)
  6 bats
  5 frilled lizards
  5 rats
303 creatures vanquished.

Vanquished Creatures (others)
  A troll (D:12)
  A killer bee (D:7)
  An orc (D:12)
3 creatures vanquished.

Grand Total: 306 creatures vanquished

Table legend:
 A = Non-vault XP
 B = Vault XP
 C = Vault XP percentage of total XP
 D = Non-vault monster count
 E = Vault monster count
 F = Vault count percentage of total count
                 A         B        C        D         E       F
            +---------+---------+-------+---------+---------+-------
      Total |   19893 |   14284 |  41.8 |     219 |      83 |  27.5
            +---------+---------+-------+---------+---------+-------
        D:1 |      53 |       5 |   8.6 |      22 |       3 |  12.0
        D:2 |      57 |      37 |  39.4 |      18 |       1 |   5.3
        D:3 |      65 |      38 |  36.9 |      23 |       3 |  11.5
        D:4 |     328 |       0 |   0.0 |       9 |       0 |   0.0
        D:5 |     566 |       0 |   0.0 |      18 |       0 |   0.0
        D:6 |     598 |    1241 |  67.5 |      20 |       3 |  13.0
        D:7 |    1211 |     389 |  24.3 |      22 |       1 |   4.3
        D:8 |    2846 |       0 |   0.0 |      20 |       0 |   0.0
        D:9 |    3413 |       0 |   0.0 |      21 |       0 |   0.0
       D:10 |    2362 |    6049 |  71.9 |      14 |      18 |  56.2
       D:11 |    4374 |    1054 |  19.4 |      20 |       2 |   9.1
       D:12 |    4020 |    4102 |  50.5 |      12 |      32 |  72.7
     Bailey |       0 |    1369 | 100.0 |       0 |      20 | 100.0
            +---------+---------+-------+---------+---------+-------

Skill      XL: |  1  2  3  4  5  6  7  8  9 10 11 12 |
---------------+-------------------------------------+-----
Shapeshifting  | 4 5 6 7 9 11 12 | 12.6
Unarmed Combat | 4 5 6 7 9 10 12 | 12.5
Fighting       | 3 8 10 | 10.0
Dodging        | 3 8 |  8.0

Action                     |  1- 3 |  4- 6 |  7- 9 | 10-12 || total
---------------------------+-------+-------+-------+-------++-------
  Melee: Unarmed           |    72 |   165 |   258 |   483 ||   978
         Tailslap          |     9 |    27 |    28 |       ||    64
         Punch             |     1 |     8 |       |       ||     9
         Constrict         |       |       |    28 |   106 ||   134
 Invoke: Sacrifice Arcana  |       |       |     1 |       ||     1
         Sacrifice Artific |       |       |       |     1 ||     1
         Draw Out Power    |       |       |       |     3 ||     3
         Sacrifice Essence |       |       |       |     1 ||     1
Ability: Breathe Frost     |       |       |     5 |       ||     5
  Evoke: Wand              |       |     3 |     5 |       ||     8
    Use: Scroll            |       |     4 |     8 |    16 ||    28
         Potion            |       |     1 |     5 |     1 ||     7
   Stab: Sleeping          |     2 |     4 |       |     5 ||    11
         Distracted        |       |       |       |     4 ||     4
         Invisible         |       |       |       |     3 ||     3
         Confused          |       |       |       |     1 ||     1
 Armour: Skin              |    30 |    86 |   213 |   396 ||   725
  Dodge: Dodged            |    32 |    88 |   143 |   330 ||   593
   Form: Flux              |       |     1 |       |       ||     1
         Anaconda          |       |       |     1 |       ||     1

Illustrated notes

Table legend:
 A = Kills in this place as a percentage of kills in the entire game.
 B = Kills by you in this place as a percentage of kills by you in the entire game.
 C = Kills by friends in this place as a percentage of kills by friends in the entire game.
 D = Other kills in this place as a percentage of other kills in the entire game.
 E = Experience gained in this place as a percentage of experience gained in the entire game.
 F = Experience gained in this place divided by the number of levels of this place that you have seen.
                   A       B       C       D       E      F
               +-------+-------+-------+-------+-------+----------------------
         Total | 100.0 | 100.0 |   N/A | 100.0 | 100.0 | 2441.2
       Dungeon |  93.4 |  93.3 |   N/A | 100.0 |  96.0 | 2734.0
        Bailey |   6.6 |   6.7 |   N/A |   0.0 |   4.0 | 1369.0
               +-------+-------+-------+-------+-------+----------------------

Table legend: (Time is in decaauts)
 A = Elapsed time spent in this place.
 B = Non-inter-level travel time spent in this place.
 C = Inter-level travel time spent in this place.
 D = Time resting spent in this place.
 E = Time spent auto-exploring this place.
 F = Levels seen in this place.
 G = Mean time per level.
                   A        B        C        D        E       F      G
               +--------+--------+--------+--------+--------+-----+--------+
         Total |  15030 |  14775 |    255 |   2002 |  10599 |  14 | 1073.6 |
       Dungeon |  14573 |  14318 |    255 |   1868 |  10428 |  12 | 1214.4 |
        Temple |     27 |     27 |      0 |      0 |      8 |   1 |   27.0 |
        Bailey |    429 |    429 |      0 |    134 |    163 |   1 |  429.0 |
               +--------+--------+--------+--------+--------+-----+--------+

Top non-repeatable levels by time:
    D:11: 1600 daAuts
    D:10: 1581 daAuts
     D:5: 1483 daAuts
    D:12: 1475 daAuts
     D:6: 1378 daAuts
     D:9: 1264 daAuts
     D:7: 1238 daAuts
     D:8: 1080 daAuts
     D:2: 1036 daAuts
     D:3: 951 daAuts
     D:1: 899 daAuts
     D:4: 583 daAuts
  Bailey: 429 daAuts
  Temple: 27 daAuts
